 BcadrenCrawl: Boulder Brew version 0.05.31-5-gc155987 (webtiles) character file.

Game seed: 8537069221987691261, levelgen mode: deterministic

13 Illumine the Shield-Bearer (level 2, 19/21 HPs) Lignifite Fighter. Began on May 24, 2021. Quit the game on level 1 of the Dungeon on Sept 21, 2021. The game lasted 00:00:38 (99 turns).

Illumine the Shield-Bearer (Lignifite Fighter)        Turns: 99, Time: 00:00:39

Health: 19/21      AC:  1    Str: 21    XL:     2 ^: 22
Magic:  3/3        EV: 16    Int:  9    God:
Gold:   39         SH:  1    Dex:  7    Spells: 1/1 levels left

rFire    x . .     Vision   .   a - +0 morningstar
rCold    . . .     Gourm    .   c - +0 buckler
rNeg     . . .     Faith    .   b - +0 robe
rCorr    . . .     Spirit   .   (helmet restricted)
rPois    +         Reflect  .   (no cloak)
rElec    .         Harm     .   (gloves unavailable)
MR       .....                  (boots unavailable)
Stlth    +.........             (no amulet)
HPRegen  0.17/turn              (no ring)
MPRegen  0.13/turn              (no ring)

@: slow
A: very small, unfitting armour, branches (SH +, deformed body 1, speed 3,
poison resistance, slow metabolism 1, torment resistance, plant, woody flesh
(rF-) 1, rot immunity
a: no special abilities


You were on level 1 of the Dungeon.
You were not hungry.

You visited 1 branch of the dungeon, and saw 1 of its levels.

You collected 39 gold pieces.

Inventory:

Weapons
 a - a +0 morningstar (weapon) Shields
 c - a +0 buckler (shield)
Armour
 b - a +0 robe (worn)
Comestibles
 d - a chunk of flesh
 f - 3 rations


   Skills:
 - Level 3.0 Fighting
 * Level 3.0 Maces & Staves
 - Level 2.6 Dodging
 + Level 3.2 Shields


You had one spell level left.
You didn't know any spells.
Your spell library was empty.

Dungeon Overview and Level Annotations

Branches:
Dungeon (1/8)

Altars:


Innate Abilities, Weirdness & Mutations

You are very small and have problems with some larger weapons.
You are too small for most types of armour.
A tangle of shorter branches protects your body from attack. (SH +1)
Armour fits poorly on your strangely shaped body.
You cover ground extremely quickly.
Your system is resistant to poisons. (rPois)
You have a slow metabolism.
You are immune to unholy pain and torment.
You require very little carbon dioxide to survive.
Your woody flesh burns easily. (rF-)
You are immune to rotting.


Message History

You now have 39 gold pieces (gained 16).
You enter the shallow water.
Moving in this stuff is going to be slow.
A cinder newt comes into view.
Found a scroll of random uselessness.
You miss the cinder newt. The cinder newt bites you (1).
The cinder newt barely misses you (0).
You miss the cinder newt. The cinder newt barely misses you (0).
The cinder newt bites you (2).
You miss the cinder newt. The cinder newt misses you (0).
The cinder newt bites you (1).
You miss the cinder newt. The cinder newt bites you (0).
The cinder newt barely misses you (0).
You closely miss the cinder newt. The cinder newt barely misses you (0).
You miss the cinder newt. The cinder newt barely misses you (0).
The cinder newt misses you (0).
Save game and exit?
Welcome back, Illumine the Lignifite Fighter.
Press ? for a list of commands and other information.
Are you sure you want to abandon this character and quit the game? (Confirm with "yes".)

#≈# #######≈≈#
#.....#≈≈# #.###.#≈≈##
#####.###.#≈≈≈# .
#.........#≈≈≈#..#
#)###.###.#l≈≈?≈..
###.###.# #.@≈≈≈$...
#..)..#.# #..≈≈≈P...
#####.......##..≈≈≈P≈≈..
................≈≈≈≈≈..#
#####.....#####..≈≈≈≈..#
.......# #.≈≈≈≈≈≈.#
#.##.##.# #.≈≈≈≈≈≈.# #.
#.# .# #..≈≈≈≈..# .. ..#
..


You could see a submerged cinder newt.

Vanquished Creatures
  A gnoll (D:1)
  2 goblins (D:1)
  A hobgoblin (D:1)
4 creatures vanquished.

Notes
Turn   | Place    | Note
-------+----------+-------------------------------------------
     0 | D:1      | Illumine the Lignifite Fighter began the quest for the Orb.
     0 | D:1      | Reached XP level 1. HP: 16/16 MP: 2/2
    23 | D:1      | Reached XP level 2. HP: 14/21 MP: 3/3
    99 | D:1      | Upgraded the game from 0.04.2-19-ga012a50 to
                  | 0.05.31-5-gc155987
    99 | D:1      | Quit the game

Levels and vault maps discovered:
D:1:      eino_arrival_cavern_a, layout_loops_ring, chequers_big_river,
          chequers_serial_rivers_micro_c

Skill      XL: |  1  2 |
---------------+-------+-----
Maces & Staves | 3 |  3.0
Fighting       | |  3.0
Dodging        | |  2.6
Shields        | |  3.2

Action                   || total
-------------------------++-------
Melee: Morningstar       ||    13
  Use: Potion            ||     1
Armor: Robe              ||     1
Dodge: Dodged            ||    12
